 Dungeon Crawl Stone Soup version 0.22.0-38-g04b72b8 (webtiles) character file.

338 harcile the Chopper (level 6, -5/56 HPs)
             Began as a Hill Orc Berserker on Aug 29, 2018.
             Was a Priest of Trog.
             Killed from afar by an orc wizard (10 damage)
             ... with a puff of flame
             ... on level 4 of the Dungeon.
             The game lasted 00:07:54 (2598 turns).

harcile the Chopper (Hill Orc Berserker)            Turns: 2598, Time: 00:07:56

Health: -5/56      AC:  6    Str: 22    XL:     6   Next: 55%
Magic:  0/6        EV: 11    Int:  7    God:    Trog [***...]
Gold:   207        SH:  0    Dex: 10    Spells: 5/5 levels left

rFire    . . .     SeeInvis .   a - +0 hand axe
rCold    . . .     Gourm    .   (no shield)
rNeg     . . .     Faith    .   j - +0 ring mail
rPois    .         Spirit   +   f - +0 helmet
rElec    .         Reflect  .   i - scarf {Spirit}
rCorr    .         Harm     .   (no gloves)
MR       .....                  (no boots)
Stlth    +.........             (no amulet)
HPRegen  0.18/turn              (no ring)
MPRegen  0.10/turn              (no ring)

@: no status effects
A: no striking features
a: Berserk, Trog's Hand, Renounce Religion, Convert to Beogh


You were on level 4 of the Dungeon.
You worshipped Trog.
Trog was most pleased with you.
You were not hungry.

You visited 1 branch of the dungeon, and saw 4 of its levels.

You collected 207 gold pieces.

Inventory:

Hand Weapons
 a - a +0 hand axe (weapon)
Armour
 f - a +0 helmet (worn)
 i - a scarf of spirit shield (worn)
 j - a +0 ring mail (worn)
Wands
 s - a wand of iceblast (10)
Scrolls
 b - a scroll of amnesia {unknown}
 g - 3 scrolls of identify
 h - 3 scrolls of remove curse
 l - 2 scrolls of magic mapping {unknown}
 o - 3 scrolls of blinking {unknown}
 u - 2 scrolls of teleportation {unknown}
Potions
 d - a potion of ambrosia
 e - a potion of agility {unknown}
 m - a potion of haste
 n - a potion of resistance
 r - a potion of degeneration {unknown}
 v - a potion of brilliance {unknown}
Comestibles
 c - 6 rations
 k - 4 chunks of flesh


   Skills:
 + Level 5.0 Fighting
 + Level 6.8 Axes
 + Level 3.5 Armour
 + Level 2.7 Dodging
 + Level 0.2 Stealth


You had 5 spell levels left.
You didn't know any spells.
Your spell library was empty.

Dungeon Overview and Level Annotations

Branches:
Dungeon (4/15)
 Temple: D:4-7

Altars:


Message History

Beogh smites you!
* * * LOW HITPOINT WARNING * * *
Some of the chunks of flesh in your inventory have rotted away.
You hit the orc priest.
The orc priest threatens, "By the altar or by the axe, you will meet Beogh!"
The orc priest is lightly wounded.
You hit the orc priest. You barely miss something. Something hits you.
* * * LOW HITPOINT WARNING * * *
The orc priest hits you but does no damage.
The orc priest hits you with a flail.
* * * LOW HITPOINT WARNING * * *
You barely miss the orc priest.
The orc priest is lightly wounded.
You miss something.
The orc priest threatens, "By the altar or by the axe, you will meet Beogh!"
You hit the orc priest.
You hear some strange, mumbled words.
A puff of flame appears from out of thin air!
The puff of flame hits you!
You die...

#.......# #.........#
........# #.........#
.....########.........#
####)(.....##.........#
#))...#....#########
##..##....###
#....###....####
#.##.##..##...o#######
#.#......#####@......#
###.#...<#.# #o{.....#
#........#.# #.......#
#...#.(..#<# #(......#
#..##....#.#####.......#
...##.........##.......#
.........##.#..#.......#
#.###......>.>...#.#####
..# #....##.....##


You could see 2 orc priests.

Vanquished Creatures
  A hound (D:4)
  Ijyb (D:3)
  An iguana (D:4)
  An orc wizard (D:3)
  3 worker ants (D:4)
  7 adders
  An ooze (D:4)
  2 worms (D:3)
  3 leopard geckos
  11 orcs
  8 bats
  3 giant cockroaches
  9 hobgoblins
  A quokka (D:3)
  3 ball pythons
  5 frilled lizards
  10 goblins
  4 kobolds
  4 rats
78 creatures vanquished.

Notes
Turn   | Place    | Note
-------+----------+-------------------------------------------
     0 | D:1      | harcile the Hill Orc Berserker began the quest for the Orb.
     0 | D:1      | Reached XP level 1. HP: 19/19 MP: 1/1
   101 | D:1      | Reached XP level 2. HP: 19/27 MP: 2/2
   828 | D:2      | Reached XP level 3. HP: 34/34 MP: 3/3
  1163 | D:2      | Reached ** piety under Trog
  1415 | D:3      | Reached skill level 5 in Axes
  1424 | D:3      | Reached XP level 4. HP: 37/41 MP: 2/4
  1594 | D:3      | Reached XP level 5. HP: 37/47 MP: 5/5
  1637 | D:3      | Noticed Ijyb
  1650 | D:3      | Killed Ijyb
  1809 | D:3      | Reached skill level 6 in Axes
  2287 | D:4      | Reached XP level 6. HP: 30/55 MP: 4/6
  2299 | D:4      | Reached *** piety under Trog
  2397 | D:4      | Reached skill level 5 in Fighting
  2598 | D:4      | Killed from afar by an orc wizard

Skill      XL: |  1  2  3  4  5  6 |
---------------+-------------------+-----
Fighting       | 4 5 |  5.0
Axes           | 5 6 |  6.8
Dodging        | 2 |  2.7
Armour         | 3 |  3.5
Stealth        | |  0.2

Action                   |  1- 3 |  4- 6 || total
-------------------------+-------+-------++-------
Melee: Hand axe          |    88 |   184 ||   272
Invok: Berserk           |     3 |     4 ||     7
  Use: Potion            |       |     8 ||     8
       Scroll            |       |     3 ||     3
  Eat: Chunk             |     4 |     5 ||     9
       Ration            |       |     1 ||     1
Armor: Animal skin       |     6 |       ||     6
       Ring mail         |    20 |    25 ||    45
       Leather armour    |       |    23 ||    23
Dodge: Dodged            |    57 |   136 ||   193
